 Dungeon Crawl Stone Soup version 0.31.0-32-g396128a36d (webtiles) character file.

Game seed: 10986169639584557889

5 Killerpretzel the Ruffian (level 1, -1/13 HPs)
             Began as an Octopode Shapeshifter on Mar 8, 2024.
             Slain by a rat (3 damage)
             ... on level 1 of the Dungeon.
             The game lasted 00:00:05 (57 turns).

Killerpretzel the Ruffian (Octopode Shapeshifter)     Turns: 57, Time: 00:00:06

Health: -1/13      AC:  1    Str: 13    XL:     1   Next: 80%
Magic:  1/1        EV: 10    Int: 12    God:
Gold:   8          SH:  0    Dex: 11    Spells: 0/0 levels left

rFire   . .          .
                       - Unarmed
rCold   . . .        (no shield)
rNeg    . . .        (helmet currently unavailable)
rPois   .            (no amulet)
rElec   .            (no ring)
rCorr   .            (no ring)
SInv    .            (no ring)
Will    .....        (no ring)
Stlth   ++           (no ring)
HPRegen 0.22/turn    (no ring)
MPRegen 0.07/turn    (no ring)
                     (no ring)

%: no passive effects
@: beast-form, constricted
A: beast (slay +1), almost no armour, amphibious, 8 rings, camouflage 1,
gelatinous body 1, (nimble swimmer 1), tentacles
a: Begin Untransformation


You were on level 1 of the Dungeon.
You were a hulking beast.
You visited 1 branch of the dungeon, and saw 1 of its levels.

You collected 8 gold pieces.

Inventory:

Talismans
 b - a beast talisman
 c - a flux talisman
Potions
 a - a potion of lignification


   Skills:
 + Level 1.2 Fighting
 + Level 2.1 Dodging
 + Level 3.1 Unarmed Combat
 + Level 3.0 Shapeshifting


You couldn't memorise any spells.
You didn't know any spells.
Your spell library was empty.

Dungeon Overview and Level Annotations

Branches:
Dungeon (1/15)

Altars:


Innate Abilities, Weirdness & Mutations

You are a hulking beast.
Your limbs bulge with bestial killing power. (Slay +1)
You cannot wear most types of armour.
You are amphibious.
You can wear up to eight rings at the same time.
Your skin changes colour to match your surroundings (Stealth+).
Your rubbery body absorbs attacks. (AC +1, EV +1)
((You are camouflaged when in or above water. (Stealth+)))
You have tentacles for arms and can constrict up to eight enemies at once.


Message History

You closely miss the bat. Your grab misses the bat. The bat barely misses you.
The giant cockroach barely misses you. The rat bites you.
The goblin closely misses you.
There are monsters nearby!
You tentacle-slap the endoplasm. Your squeeze misses the endoplasm.
The endoplasm is lightly wounded.
The bat barely misses you. The giant cockroach bites you.
The goblin barely misses you. The endoplasm closely misses you.
The rat barely misses you.
You tentacle-slap the endoplasm. You squeeze the endoplasm.
You kill the endoplasm!
The bat hits you but does no damage. The giant cockroach barely misses you.
The rat misses you. The goblin hits you but does no damage.
The giant cockroach closely misses you. The ball python closely misses you.
The ball python misses you.
You completely miss the dart slug. You grab the dart slug.
You constrict the dart slug, but do no damage.
The bat hits you but does no damage. The rat bites you.
The goblin barely misses you. The giant cockroach closely misses you.
The ball python misses you. The ball python closely misses you.
The dart slug bites you.
There are monsters nearby!
You are too injured to fight recklessly!
You are too injured to fight recklessly!
You are too injured to fight recklessly!
There are monsters nearby!
You tentacle-slap the dart slug.
The dart slug is moderately wounded.
You constrict the dart slug. The bat hits you but does no damage.
The goblin hits you with a +0 dagger. The rat closely misses you.
The giant cockroach misses you. The ball python completely misses you.
The ball python grabs you. The ball python constricts you. The bat hits you.
You tentacle-slap the dart slug.
The dart slug is heavily wounded.
You constrict the dart slug. The bat barely misses you.
The giant cockroach closely misses you. The ball python barely misses you.
The ball python constricts you. The dart slug bites you.
* * * LOW HITPOINT WARNING * * *
The goblin hits you but does no damage. The rat bites you.
You die...

~♣♣♣~♣PPP.....♣#
♣~~~♣PPPPP...♣.#
.~.#
♣~<~♣PPPPP..♣..#
.~.. ♣~~~♣
PPP....♣.# ..~~~
~♣♣♣~♣PP......♣#
..... ♣ ♣~♣P......♣
......
♣~♣......♣###......
♣~♣.....♣..gB.....
.♣~♣...♣.bhrS.....
..♣~♣♣♣..wSB..####
...♣..........#
...♣.............
.. ♣..............
♣.......#.......
♣.......##.######
###...... ..


You could see a dart slug, 2 giant cockroaches, a goblin, a bat, 2 ball pythons
and a rat.

Vanquished Creatures
  A bat (D:1)
  An endoplasm (D:1)
  A giant cockroach (D:1)
  A quokka (D:1)
4 creatures vanquished.

Notes
Turn   | Place    | Note
-------+----------+-------------------------------------------
     0 | D:1      | Killerpretzel the Octopode Shapeshifter began the quest for
                  | the Orb.
     0 | D:1      | Reached XP level 1. HP: 13/13 MP: 1/1
    57 | D:1      | Slain by a rat

Illustrated notes

Levels and vault maps discovered:
D:1:      orjb1_clovarrival, layout_basic, shapermc_ecumenical_altar_acropolis

Action                     || total
---------------------------++-------
  Melee: Unarmed           ||    12
         Tentacles         ||     2
         Constrict         ||     1
   Stab: Sleeping          ||     1
 Armour: Skin              ||    15
  Dodge: Dodged            ||    27
